 Dungeon Crawl Stone Soup version 0.21-a0-442-g848f44b (webtiles) character file.

14 theanonym the Ruffian (level 2, 26/26 HPs)
             Began as a Troll Transmuter on Nov 15, 2017.
             Quit the game on level 1 of the Dungeon.
             The game lasted 00:01:13 (281 turns).

theanonym the Ruffian (Troll Transmuter)             Turns: 281, Time: 00:01:13

Health: 26/26      AC:  5    Str: 17    XL:     2   Next: 31%
Magic:  3/3        EV: 10    Int:  9    God:
Gold:   12         SH:  0    Dex: 10    Spells: 2/3 levels left

rFire    . . .     SeeInvis .     - Unarmed
rCold    . . .     Gourm    +   (no shield)
rNeg     . . .     Faith    .   b - +0 robe
rPois    .         Spirit   .   (helmet restricted)
rElec    .         Reflect  .   (no cloak)
rCorr    .         Harm     .   (gloves unavailable)
MR       .....                  (boots unavailable)
Stlth    +.........             (no amulet)
HPRegen  0.48/turn              (no ring)
MPRegen  0.08/turn              (no ring)

@: no status effects
A: unfitting armour, claws 3, fast metabolism 3, gourmand, regeneration 1,
shaggy fur 1, tough skin 2
a: no special abilities


Innate Abilities, Weirdness & Mutations

You are too large for most types of armour.
You have claws for hands.
Your metabolism is lightning-fast.
You like to eat raw meat.
Your natural rate of healing is unusually fast.
You are covered in fur. (AC +1)
You have very tough skin. (AC +2)


   Skills:
 - Level 0.7 Fighting
 - Level 1.5 Dodging
 + Level 3.5 Unarmed Combat
 + Level 1.4 Spellcasting
 + Level 1.5 Transmutations


You had 2 spell levels left.
You knew the following spells:

 Your Spells              Type           Power        Failure   Level  Hunger
q - Beastly Appendage     Tmut           #.....       19%         1    ##.....

Action                   || total
-------------------------++-------
Melee: Unarmed           ||    35
 Cast: Beastly Appendage ||     1
  Eat: Chunk             ||     5
Armor: Robe              ||    23
Dodge: Dodged            ||    13

Inventory:

Missiles
 a - 12 arrows
Armour
 b - a +0 robe (worn)
Scrolls
 e - a scroll of teleportation {unknown}
Potions
 f - 2 potions of curing {unknown}
Books
 c - a book of Changes

   Spells                             Type                      Level
   a - Beastly Appendage              Transmutation                1
   b - Sticks to Snakes               Transmutation                2
   c - Spider Form                    Transmutation/Poison         3
   d - Ice Form                       Ice/Transmutation            4
   e - Blade Hands                    Transmutation                5
Comestibles
 d - 2 bread rations

Dungeon Overview and Level Annotations

Branches:
Dungeon (1/15)

Altars:


You were on level 1 of the Dungeon.
You were full.

You visited 1 branch of the dungeon, and saw 1 of its levels.

You collected 12 gold pieces.


Message History

A jackal is nearby!
A jackal is nearby!
Found a metallic coppery potion.
A jackal comes into view.
A jackal comes into view.
The jackal barks!
You hear a shout!
The jackal completely misses you. The jackal closely misses you.
The jackal barks!
You scratch the jackal. The jackal closely misses you.
You barely miss the jackal.
The jackal bites you but does no damage.
You closely miss the jackal.
Unknown command.
You barely miss the jackal. The jackal closely misses you.
You scratch the jackal but do no damage.
The jackal closely misses you.
A goblin and a kobold come into view.
You closely miss the jackal.
The goblin shouts!
The jackal bites you but does no damage. x3
You miss the jackal.
The jackal bites you but does no damage. x2
You miss the jackal.
The jackal bites you but does no damage.
The jackal closely misses you. The jackal bites you.
You take 2 damage, and have 16/18 hp.
You scratch the jackal.
You kill the jackal!
The jackal bites you. The goblin hits you but does no damage.
You claw the goblin!
You kill the goblin!
The jackal bites you but does no damage.
The jackal bites you. x3
You take 4 damage, and have 12/18 hp.
MASSIVE DAMAGE!!
You are too injured to fight recklessly!
You are too injured to fight recklessly!
You are too injured to fight recklessly!
You are too injured to fight recklessly!
You are too injured to fight recklessly!
You closely miss the jackal. The jackal closely misses you.
The jackal bites you but does no damage.
You claw the jackal!
You kill the jackal!
You have reached level 2!
The jackal closely misses you.
You regained 7 hp, and now have 19/26 hp.
MP restored: 3 You scratch the jackal.
You kill the jackal!
A ball python comes into view.
The ball python hisses angrily.
You scratch the kobold. The kobold hits you with a short sword.
You take 2 damage, and have 17/26 hp.
You barely miss the kobold. The kobold barely misses you.
You barely miss the kobold. The ball python bites you.
You take 1 damage, and have 16/26 hp.
You claw the kobold!
You kill the kobold!
The ball python bites you but does no damage.
You barely miss the ball python. The ball python bites you.
You take 2 damage, and have 15/26 hp.
Unknown command.
Unknown command.
You barely miss the ball python.
The ball python bites you but does no damage.
You closely miss the ball python.
The ball python bites you but does no damage.
You closely miss the ball python. The ball python barely misses you.
You completely miss the ball python. The ball python bites you.
The ball python bites you but does no damage.
You take 2 damage, and have 15/26 hp.
You barely miss the ball python.
The ball python bites you but does no damage.
You barely miss the ball python. The ball python barely misses you.
You closely miss the ball python. The ball python closely misses you.
You claw the ball python!
You kill the ball python!
You see here a goblin corpse.
There is an open door here.
You see here a goblin corpse.
Things that are here:
a short sword; a kobold corpse; a jackal corpse
f - 2 metallic coppery potions (gained 1)
You start resting.
A dart slug comes into view.
Things that are here:
a short sword; a kobold corpse; a jackal corpse You claw the dart slug!
You claw the dart slug!
You kill the dart slug!
Health restored: 26 No target in view!
No target in view!
No target in view!
Unknown command.
Unknown command.
Unknown command.
Save game and exit?
Okay, then.
Unknown command.

.########
############+##.. .#
###+##............##..
.#
#.............###.##..
.#
#.............###'##..
.#
###.............##......
.#
.........#+#######.....#
.# ...###'## #.....# .#
#†## #.....# ## #@.#
#.....# ##)#+### ##+####
#.....# #.....# #.....#
#.....# #.....#
#################.....#
......................#


There were no monsters in sight!

Notes
Turn   | Place    | Note
-------+----------+-------------------------------------------
     0 | D:1      | theanonym the Troll Transmuter began the quest for the Orb.
     0 | D:1      | Reached XP level 1. HP: 18/18 MP: 1/1
   247 | D:1      | Reached XP level 2. HP: 18/26 MP: 3/3
   281 | D:1      | Quit the game

Vanquished Creatures
  A dart slug (D:1)
  A giant cockroach (D:1)
  3 goblins (D:1)
  3 jackals (D:1)
  A ball python (D:1)
  A kobold (D:1)
  A rat (D:1)
11 creatures vanquished.
